 Dungeon Crawl Stone Soup version 0.31-a0-162-gc4c5a43528 (webtiles) character file.

Game seed: 12988257172751727092

1262 qw the Cleaver (level 8, -5/49 HPs)
             Began as a Gargoyle Fighter on June 12, 2023.
             Slain by a troll (11 damage)
             ... on level 5 of the Dungeon.
             The game lasted 00:02:14 (3924 turns).

qw the Cleaver (Gargoyle Fighter)                   Turns: 3924, Time: 00:02:15

Health: -5/49      AC: 13    Str: 21    XL:     8   Next: 52%
Magic:  8/8        EV: 15    Int: 10    God:
Gold:   261        SH:  5    Dex: 15    Spells: 7/7 levels left

rFire   . . .        Y - +0 war axe
rCold   . . .        c - +0 buckler
rNeg    + . .        b - +0 scale mail
rPois   inf          i - +0 helmet
rElec   +            (no cloak)
rCorr   .            (no gloves)
SInv    .            (no boots)
Will    .....        (no amulet) Stlth
                     a - +6 ring of dexterity
HPRegen 0.28/turn    e - +5 ring of evasion
MPRegen 0.11/turn

%: no passive effects
@: about to teleport
A: sickness immunity, AC +5, negative energy resistance 1, electricity
resistance, torment resistance 1, petrification resistance
a: no special abilities


You were on level 5 of the Dungeon.
You visited 1 branch of the dungeon, and saw 5 of its levels.

You collected 261 gold pieces.


Innate Abilities, Weirdness & Mutations

You are immune to sickness and miasma.
Your stone body is resilient. (AC +5)
You are immune to poison.
You resist negative energy. (rN+)
You are resistant to electric shocks. (rElec)
You are resistant to unholy torment.
You are immune to petrification.


   Skills:
 + Level 5.2 Fighting
 - Level 8.1 Axes
 - Level 1.2 Throwing
 - Level 3.2 Armour
 - Level 2.1 Dodging
 - Level 3.2 Shields


You had 7 spell levels left.
You didn't know any spells.
Your spell library was empty.

Inventory:

Hand Weapons
 h - a +0 flail
 Y - a +0 war axe (weapon)
Armour
 b - a +0 scale mail (worn)
 c - a +0 buckler (worn)
 i - a +0 helmet (worn)
Jewellery
 a - a +6 ring of dexterity (left hand)
 e - a +5 ring of evasion (right hand)
 l - a ring of ice
Scrolls
 j - a scroll of teleportation
 m - a scroll of identify
Potions
 d - a potion of might
 f - a potion of curing
 g - a potion of resistance
 k - a potion of cancellation {unknown}
 n - a potion of attraction {unknown}
 o - a potion of ambrosia {unknown}

Dungeon Overview and Level Annotations

Branches:
Dungeon (5/15)
 Temple: D:4-7

Altars:

Annotations:
D:3 2 transporters, qw's ghost, amateur GrHu


Message History

You barely miss the iguana. You block the iguana's attack.
The troll closely misses you. The troll claws you but does no damage.
The troll barely misses you.
You barely miss the troll.
The troll is heavily wounded.
You closely miss the iguana. The iguana misses you.
The troll barely misses you. The troll misses you. x2
You slash the troll!
The troll is severely wounded.
You hit the iguana. You block the iguana's attack. The troll misses you.
The troll claws you. The troll closely misses you.
You hit the troll but do no damage.
The troll is severely wounded.
You closely miss the iguana. You block the iguana's attack.
The troll bites you but does no damage. The troll barely misses you. x2
You barely miss the troll.
The troll is severely wounded.
You barely miss the iguana. You block the iguana's attack. The troll bites you.
The troll claws you. The troll misses you.
You closely miss the troll.
The troll is severely wounded.
You slash the iguana! The iguana closely misses you. The troll bites you!
The troll claws you but does no damage. The troll claws you.
You slash the troll!
The troll is almost dead.
You hit the iguana.
You kill the iguana!
The troll bites you! The troll misses you.
The troll claws you but does no damage. The orc misses you.
The troll closely misses you. The troll completely misses you.
The troll claws you.
3924 ||| READING 2 scrolls of teleportation.
As you read the scroll of teleportation, it crumbles to dust.
You feel strangely unstable. The troll bites you but does no damage.
The troll claws you!
You die...

############## ..
>))...........## .#
.##...##### #..# .# .
.###).########.##.#.# ..
.###..##.......%....#..
...#..##.######.##.....h
.#.#..##.# #.## .#.T.
##.#...#.######..#..# .
#.#.#..........@Th.#
#.#.###.#######.o......
#.#.# #.# ###..###. #.#.
#.# ..# #.#. #.# ..#
#.#. #.# .. +... ..# ###
... <..


You could see a troll, a hound and an orc.

Vanquished Creatures
  Sigmund (D:4)
  A black bear (D:5)
  An ogre (D:4)
  A phantom (D:4)
  2 scorpions (D:5)
  A howler monkey (D:3)
  4 quasits (D:4)
  A gnoll bouda (D:5)
  4 hounds
  A sleepcap (D:5)
  4 iguanas
  Terence (D:3)
  7 gnolls
  6 adders
  2 shadow imps
  A white imp (D:4)
  3 ufetubi (D:4)
  4 worms (D:3)
  3 dart slugs
  2 orcs (D:3)
  3 endoplasms
  3 giant cockroaches
  9 goblins
  8 hobgoblins
  3 jackals (D:3)
  3 quokkas
  5 ball pythons
  8 bats
  2 frilled lizards
  9 kobolds
  4 rats
107 creatures vanquished.

Notes
Turn   | Place    | Note
-------+----------+-------------------------------------------
     0 | D:1      | qw the Gargoyle Fighter began the quest for the Orb.
     0 | D:1      | Reached XP level 1. HP: 14/14 MP: 1/1
     0 | D:1      | 0 ||| qw: Version: 0.2-a-29-gc1b59c4
     0 | D:1      | 0 ||| qw: Game counter: 4366
     0 | D:1      | 0 ||| qw: Always use a shield: true
     0 | D:1      | 0 ||| qw: God list: Okawaru
     0 | D:1      | 0 ||| qw: Allow faded altars: false
     0 | D:1      | 0 ||| qw: Do Orc after D:15 true
     0 | D:1      | 0 ||| qw: Do second Lair branch before Depths: true
     0 | D:1      | 0 ||| qw: Lair rune preference: random
     0 | D:1      | 0 ||| qw: Plans: Normal, Zot:1-4, Slime:5, God:TSO, Crypt,
                  | Tomb, Abyss, Pan, Hells, Win
     0 | D:1      | 0 ||| PLANNING D:1-11
    44 | D:1      | Reached skill level 2 in Axes
    58 | D:1      | 58 ||| Stepping ~*~*~tactically~*~*~ (stealth).
    80 | D:1      | Reached XP level 2. HP: 19/19 MP: 2/2
   139 | D:1      | 139 ||| DROPPING +0 club.
   378 | D:1      | Reached skill level 3 in Axes
   534 | D:1      | 534 ||| READING scroll labelled KAOBAK EREOPN.
   635 | D:1      | 635 ||| READING scroll labelled IGUWNO KEFI.
   664 | D:2      | Reached XP level 3. HP: 23/23 MP: 3/3
  1278 | D:2      | 1278 ||| Stepping ~*~*~tactically~*~*~ (stealth).
  1279 | D:2      | 1279 ||| Stepping ~*~*~tactically~*~*~ (stealth).
  1435 | D:2      | 1435 ||| UPGRADING to +0 helmet.
  1440 | D:2      | 1440 ||| UPGRADING to +6 ring of dexterity.
  1441 | D:2      | 1441 ||| UPGRADING to +5 ring of evasion.
  1442 | D:2      | 1442 ||| READING scroll labelled PEATUF XIR.
  1443 | D:2      | 1443 ||| DRINKING 2 viscous emerald potions.
  1548 | D:2      | 1548 ||| DROPPING potion of berserk rage.
  1606 | D:3      | 1606 ||| Stepping ~*~*~tactically~*~*~ (stealth).
  1608 | D:3      | 1608 ||| Stepping ~*~*~tactically~*~*~ (stealth).
  1610 | D:3      | Reached XP level 4. HP: 28/28 MP: 4/4
  1611 | D:3      | Noticed Terence
  1612 | D:3      | Reached skill level 1 in Throwing
  1636 | D:3      | Killed Terence
  1637 | D:3      | Reached skill level 1 in Dodging
  1654 | D:3      | 1654 ||| Stepping ~*~*~tactically~*~*~ (stealth).
  1655 | D:3      | 1655 ||| Stepping ~*~*~tactically~*~*~ (stealth).
  1659 | D:3      | 1659 ||| Stepping ~*~*~tactically~*~*~ (stealth).
  1660 | D:3      | 1660 ||| Stepping ~*~*~tactically~*~*~ (stealth).
  1661 | D:3      | 1661 ||| Stepping ~*~*~tactically~*~*~ (stealth).
  1665 | D:3      | 1665 ||| Stepping ~*~*~tactically~*~*~ (stealth).
  1666 | D:3      | 1666 ||| Stepping ~*~*~tactically~*~*~ (stealth).
  1667 | D:3      | 1667 ||| Stepping ~*~*~tactically~*~*~ (stealth).
  1668 | D:3      | 1668 ||| DROPPING +0 whip.
  1699 | D:3      | 1699 ||| Stepping ~*~*~tactically~*~*~ (hiding).
  1843 | D:3      | Reached skill level 4 in Axes
  1843 | D:3      | Reached XP level 5. HP: 26/32 MP: 5/5
  1870 | D:3      | 1870 ||| FLEEEEING.
  1978 | D:3      | 1978 ||| Stepping ~*~*~tactically~*~*~ (stealth).
  2082 | D:3      | Found a faded altar of an unknown god.
  2100 | D:3      | 2100 ||| Stepping ~*~*~tactically~*~*~ (stealth).
  2153 | D:3      | Found a transporter.
  2158 | D:3      | Noticed qw's ghost (amateur GrHu)
  2216 | D:3      | 2216 ||| Stepping ~*~*~tactically~*~*~ (stealth).
  2217 | D:3      | 2217 ||| Stepping ~*~*~tactically~*~*~ (stealth).
  2218 | D:3      | 2218 ||| Stepping ~*~*~tactically~*~*~ (stealth).
  2219 | D:3      | 2219 ||| Stepping ~*~*~tactically~*~*~ (stealth).
  2304 | D:3      | Found a transporter.
  2338 | D:3      | 2338 ||| READING scroll labelled KAMOPOATEZ.
  2339 | D:3      | 2339 ||| READING scroll labelled DENOCU OSTO.
  2342 | D:3      | 2342 ||| READING 2 scrolls of identify.
  2342 | D:3      | 2342 ||| IDENTIFYING orange potion
  2374 | D:4      | Reached skill level 5 in Axes
  2374 | D:4      | Reached XP level 6. HP: 10/37 MP: 6/6
  2374 | D:4      | HP: 8/37 [quasit (3)]
  2379 | D:4      | HP: 5/37 [quasit (1)]
  2594 | D:4      | Noticed Sigmund
  2604 | D:4      | Killed Sigmund
  2605 | D:4      | Reached XP level 7. HP: 40/44 MP: 7/7
  2678 | D:4      | 2678 ||| Stepping ~*~*~tactically~*~*~ (stealth).
  2686 | D:4      | Reached skill level 6 in Axes
  2780 | D:4      | 2780 ||| Stepping ~*~*~tactically~*~*~ (hiding).
  2781 | D:4      | 2781 ||| Stepping ~*~*~tactically~*~*~ (hiding).
  2783 | D:4      | 2783 ||| Stepping ~*~*~tactically~*~*~ (hiding).
  2926 | D:4      | 2926 ||| Stepping ~*~*~tactically~*~*~ (stealth).
  3217 | D:4      | Reached skill level 7 in Axes
  3502 | D:4      | 3502 ||| READING 2 scrolls of identify.
  3502 | D:4      | 3502 ||| IDENTIFYING dark potion
  3514 | D:5      | Entered Level 5 of the Dungeon
  3524 | D:5      | Reached XP level 8. HP: 49/49 MP: 8/8
  3704 | D:5      | 3704 ||| Stepping ~*~*~tactically~*~*~ (hiding).
  3705 | D:5      | 3705 ||| Stepping ~*~*~tactically~*~*~ (hiding).
  3706 | D:5      | 3706 ||| Stepping ~*~*~tactically~*~*~ (hiding).
  3707 | D:5      | 3707 ||| Stepping ~*~*~tactically~*~*~ (hiding).
  3869 | D:5      | Reached skill level 8 in Axes
  3901 | D:5      | Noticed a troll
  3902 | D:5      | 3902 ||| Stepping ~*~*~tactically~*~*~ (stealth).
  3923 | D:5      | HP: 11/49 [troll (13)]
  3924 | D:5      | 3924 ||| READING 2 scrolls of teleportation.
  3924 | D:5      | Slain by a troll

Levels and vault maps discovered:
D:1:      grunt_arrival_crossed_arrows, layout_rooms, nrook_campfire
D:2:      layout_basic, dk_noncrumbling_4, minmay_pentomino_v2
D:3:      layout_loops_ring, gammafunk_ghost_gnarly_gnolls,
          ebering_ecumenical_altar_box, minmay_diced_spiral, uniq_terence
D:4:      layout_gridville, serial_demonic, serial_demonic_a, serial_demonic_e,
          serial_demonic_a, serial_demonic_g, serial_demonic_a,
          serial_demonic_c, uniq_sigmund
D:5:      layout_basic, minmay_temple_entry_arrows, minmay_misc_feat_diagonals,
          minmay_chambers_of_fives

Skill      XL: |  1  2  3  4  5  6  7  8 |
---------------+-------------------------+-----
Axes           | 2 3 4 5 7 8 |  8.1
Throwing       | 1 |  1.2
Dodging        | 1 2 |  2.1
Fighting       | 4 5 |  5.2
Armour         | |  3.2
Shields        | |  3.2

Action                     |  1- 3 |  4- 6 |  7- 9 || total
---------------------------+-------+-------+-------++-------
  Melee: War axe           |    93 |   140 |   163 ||   396
  Throw: Javelin           |     6 |     3 |       ||     9
    Use: Scroll            |     3 |     3 |     2 ||     8
         Potion            |     1 |       |       ||     1
 Armour: Scale mail        |    55 |    73 |    93 ||   221
  Dodge: Dodged            |    48 |   163 |   218 ||   429
  Block: Buckler           |    17 |    53 |    61 ||   131

Table legend:
 A = Non-vault XP
 B = Vault XP
 C = Vault XP percentage of total XP
 D = Non-vault monster count
 E = Vault monster count
 F = Vault count percentage of total count
                 A         B        C        D         E       F
            +---------+---------+-------+---------+---------+-------
      Total |    1185 |     619 |  34.3 |      87 |      20 |  18.7
            +---------+---------+-------+---------+---------+-------
        D:1 |      30 |       0 |   0.0 |      18 |       0 |   0.0
        D:2 |      37 |       4 |   9.8 |      14 |       2 |  12.5
        D:3 |     118 |      81 |  40.7 |      23 |       6 |  20.7
        D:4 |     436 |     458 |  51.2 |      20 |      10 |  33.3
        D:5 |     564 |      76 |  11.9 |      12 |       2 |  14.3
            +---------+---------+-------+---------+---------+-------
